Description

aaaaaaa

Replay - LINGCHEESE

Build Order

Get SALT Encoding   

  12  0:01  Drone  
  13  0:13  Overlord  
  13  0:20  Drone  
  14  0:31  Drone x3  
  16  0:41  Extractor  
  16  0:46  Spawning Pool  
  15  0:50  Drone  
  16  1:12  Hatchery  
  16  1:18  Drone x2  
  17  1:36  Queen  
  19  1:41  Zergling x2  
  19  1:46  Metabolic Boost  
  20  1:52  Overlord  
  20  2:02  Baneling Nest  
  20  2:07  Zergling x6  
  22  2:19  Zergling x2  
  23  2:24  Zergling x2  
  24  2:31  Zergling x4  
  26  2:39  Zergling x2  
  27  2:46  Zergling x8  
  31  3:06  Baneling x5  
  31  3:11  Drone x4  
  35  3:38  Overlord  
  35  3:44  Extractor x2, Drone x2  
Spawning Tool Build Advisor. Get it on Overwolf

Analysis

oooooooooo

Go to:

Details

  • Created by: TwitchTOOS
  • Published on: Jun 01, 2018
  • Modified on: Jun 01, 2018
  • Patch: 4.0.0
Show
View Real Time Build Order
Export as new Build Order

Comments (0)

There are no comments. Be the first!

Create an account to comment!